 Dungeon Crawl Stone Soup version 0.17-a0-1545-gc1bb672 (webtiles) character file.

65 Lathuz the Conjurer (level 3, 0/19 HPs)
             Began as a Deep Elf Conjurer on July 18, 2015.
             Slain by a giant cockroach (2 damage)
             ... on level 2 of the Dungeon.
             The game lasted 00:06:00 (1444 turns).

Lathuz the Conjurer (Deep Elf Conjurer)             Turns: 1444, Time: 00:06:01

Health: 0/19       AC:  2    Str:  6    XL:     3   Next: 92%
Magic:  1/9        EV: 13    Int: 19    God:
Gold:   70         SH:  0    Dex: 15    Spells: 1 memorised, 7 levels left

rFire  . . .     SeeInvis .     k - +0 dagger
rCold  . . .     Clarity  .     a - +0 robe
rNeg   . . .     SustAt   .     (no shield)
rPois  .         Gourm    .     (no helmet)
rElec  .         Spirit   .     (no cloak)
rCorr  .         Warding  .     (no gloves)
rMut   .         Stasis   .     (no boots)
MR     .....                    (no amulet)
Stlth  ++........               o - ring of flight
                                j - ring of wizardry

@: not resistant to hostile enchantments, unstealthy
A: no striking features
a: Evoke Flight


You were on level 2 of the Dungeon.
You were not hungry.

You visited 1 branch of the dungeon, and saw 2 of its levels.

You collected 70 gold pieces.

Inventory:

Hand weapons
 k - a +0 dagger (weapon)
Armour
 a - a +0 robe (worn)
Jewellery
 j - a ring of wizardry (left hand)
 o - a ring of flight (right hand)
Scrolls
 d - 2 scrolls of identify
 e - a scroll of amnesia {unknown}
 f - a scroll of enchant weapon {unknown}
 m - a scroll of blinking {unknown}
Potions
 g - a potion of beneficial mutation {unknown}
 h - a potion of degeneration {unknown}
 n - a potion of curing {unknown}
Books
 b - a book of Conjurations

   Spells                             Type                      Level
   a - Magic Dart                     Conjuration                  1
   b - Searing Ray                    Conjuration                  2
   c - Dazzling Spray                 Conjuration/Hexes            3
   d - Fulminant Prism                Conjuration/Hexes            4
   e - Iskenderun's Mystic Blast      Conjuration                  4
   f - Iskenderun's Battlesphere      Conjuration/Charms           5
Comestibles
 c - a bread ration
 i - a meat ration
 l - 2 chunks of flesh


   Skills:
 - Level 2.4 Dodging
 - Level 2.4 Stealth
 - Level 3.0 Spellcasting
 + Level 6.1 Conjurations


You had 7 spell levels left.
You knew the following spells:

 Your Spells              Type           Power        Failure   Level  Hunger
a - Magic Dart            Conj           ####         1%          1    None


Dungeon Overview and Level Annotations

Branches:
Dungeon (2/15)

Altars:
Nemelex Xobeh

Annotations:
D:2 Sigmund, Terence


Message History

Terence is heavily wounded.
Terence hits you with a flail.
* * * LOW HITPOINT WARNING * * *
The giant cockroach bites you but does no damage.
Casting: Magic Dart
Confirm with . or Enter, or press ? or * to list all spells.
Aiming: Magic Dart
Press: ? - help, Shift-Dir - straight line, f/p - Terence
Aim: Terence, wielding a flail and wearing a chain mail (heavily wounded)
The magic dart hits Terence.
Terence is heavily wounded.
The giant cockroach bites you.
* * * LOW HITPOINT WARNING * * *
Terence closely misses you.
There is an open door here.
The giant cockroach barely misses you.
The giant cockroach completely misses you.
Terence shouts, "Get ready for death!"
The giant cockroach bites you.
You die...

....####...#### #.#
.####. #...# #.# ##
#....>.# #.# #
#.####.# #.# #####†#
.# #.# ......# ## #.#
......# #.#
......#############<#
......'......@.s@...#
.?....###############
......# .$?...#
......# #######


You could see Terence and a giant cockroach.

Vanquished Creatures
  Jessica (D:2)
  An ooze (D:1)
  A worm (D:2)
  2 giant geckos (D:1)
  5 hobgoblins (D:1)
  3 kobolds
  3 quokkas (D:2)
  3 bats
  2 giant cockroaches
  2 giant newts
  4 goblins (D:1)
  5 rats (D:1)
32 creatures vanquished.

Notes
Turn   | Place    | Note
--------------------------------------------------------------
     0 | D:1      | Lathuz the Deep Elf Conjurer began the quest for the Orb.
     0 | D:1      | Reached XP level 1. HP: 10/10 MP: 6/6
   165 | D:1      | Reached XP level 2. HP: 15/15 MP: 5/8
   225 | D:1      | Reached skill level 5 in Conjurations
   797 | D:1      | Reached XP level 3. HP: 19/19 MP: 7/9
   963 | D:2      | Noticed Sigmund
  1157 | D:2      | Found a sparkling altar of Nemelex Xobeh.
  1237 | D:2      | Noticed Jessica
  1240 | D:2      | Killed Jessica
  1240 | D:2      | Reached skill level 6 in Conjurations
  1423 | D:2      | Noticed Terence
  1444 | D:2      | Slain by a giant cockroach

Vault maps used:
D:1:      co_arrival_square_in_a_square_in_a_square, serial_forest,
          infiniplex_forest_clump_small, infiniplex_forest_straight_2,
          infiniplex_forest_corner_1, infiniplex_forest_clump_curved,
          infiniplex_forest_clump_diagonal, infiniplex_forest_lined_2
D:2:      old_standard_altar, uniq_jessica, uniq_terence, uniq_sigmund

Action                   || total
-------------------------++-------
 Cast: Magic Dart        ||    78
  Use: Scroll            ||     2
  Eat: Chunk             ||     1
